 Dungeon Crawl Stone Soup version 0.20-a0-984-ge8aa303 (webtiles) character file.

639 4thArraOfDagon the Martial Artist (level 7, 0/58 HPs)
             Began as a Bultungin Monk on Apr 10, 2017.
             Succumbed to a killer bee's poison
             ... on level 7 of the Dungeon.
             The game lasted 00:06:25 (907 turns).

4thArraOfDagon the Martial Artist (Bultungin Monk)   Turns: 907, Time: 00:06:25

Health: 0/58       AC:  6    Str: 10    XL:     7   Next: 51%
Magic:  7/7        EV: 13    Int: 12    God:
Gold:   64         SH:  0    Dex: 17    Spells: 6/6 levels left

rFire    . . .     SeeInvis +     - Unarmed
rCold    . . .     Gourm    .   (no shield)
rNeg     . . .     Faith    .   d - +1 ring mail (curse)
rPois    .         Spirit   .   (no helmet)
rElec    .         Reflect  .   (no cloak)
rCorr    .         Harm     .   (no gloves)
MR       .....                  (no boots)
Stlth    ++........             f - amulet of magic regeneration
Regen    0.2/turn               (no ring)
MPRegen  0.2/turn               (no ring)

@: lethally poisoned (0 -> -3)
A: short attention span, fangs 1, see invisible, strong nose
a: no special abilities


You were on level 7 of the Dungeon.
You were not hungry.

You visited 1 branch of the dungeon, and saw 7 of its levels.

You collected 64 gold pieces.

Inventory:

Armour
 a - a +0 robe
 d - a cursed +1 ring mail (worn)
Jewellery
 f - an amulet of magic regeneration (around neck)
Wands
 e - a wand of flame (17/48)
Scrolls
 i - 2 scrolls of enchant weapon
 k - a scroll of enchant armour
Comestibles
 b - 2 bread rations
 j - 4 fruits


   Skills:
 - Level 6.1 Fighting
 - Level 5.8 Dodging
 - Level 5.3 Stealth
 * Level 9.3 Unarmed Combat


You had 6 spell levels left.
You didn't know any spells.

Dungeon Overview and Level Annotations

Branches:
Dungeon (7/15)
 Temple: D:4-7

Altars:
Gozag
Wu Jian
Zin

Annotations:
D:2 Terence
D:3 Malvoorn's ghost, amateur BuSk


Innate Abilities, Weirdness & Mutations

You have a short attention span.
You have very sharp teeth.
You have supernaturally acute eyesight. (SInv)
Your uncanny sense of smell can sniff out nearby items.


Message History

Unknown command.
You punch the killer bee!
You kill the killer bee!
* * * LOW HITPOINT WARNING * * *
You feel sick.
Unknown command.
Unknown command.
Unknown command.
* * * LOW HITPOINT WARNING * * *
You feel sick.
Unknown command.
A giant cockroach comes into view.
* * * LOW HITPOINT WARNING * * *
You feel sick.
Unknown command.
* * * LOW HITPOINT WARNING * * *
You feel sick. The giant cockroach bites you.
* * * LOW HITPOINT WARNING * * *
Unknown command.
You die...

..........#.#######...##
..........#.# ##.##
###...)####.# #..#
#....# #.# ##.### #....#
#5# ##### ...# #....#
#.# #...# #.. #....# #.#
#...# #.## ###### #.#
#...###..#
#.####@.......# ∆
#.#...s..####.#
#.#.#########.####.#
#....ooo.............
####.###....###'#####
#.# #..### ... #.# #.##
... #.# #.# ..⌠.. #.#
### ....


You could see a giant cockroach.

Vanquished Creatures
  A water moccasin (D:7)
  A bullfrog (D:7)
  A wyvern skeleton (D:7)
  6 killer bees (D:7)
  A crimson imp (D:7)
  A hound (D:7)
  An orc wizard (D:7)
  3 adders (D:2)
  2 shadow imps (D:6)
  An ooze (D:6)
  A worm (D:2)
  An orc (D:7)
  2 giant cockroaches
  A goblin (D:2)
  7 jackals
  A quokka (D:4)
  3 bats
  A rat (D:2)
35 creatures vanquished.

Notes
Turn   | Place    | Note
-------+----------+-------------------------------------------
     0 | D:1      | 4thArraOfDagon the Bultungin Monk began the quest for the Orb.
     0 | D:1      | Reached XP level 1. HP: 22/22 MP: 1/1
   112 | D:2      | Reached skill level 1 in Unarmed Combat
   112 | D:2      | Reached XP level 2. HP: 28/28 MP: 2/2
   116 | D:2      | Reached skill level 2 in Unarmed Combat
   120 | D:2      | Reached skill level 3 in Unarmed Combat
   137 | D:2      | Reached XP level 3. HP: 22/34 MP: 3/3
   188 | D:2      | Noticed Terence
   272 | D:3      | Noticed Malvoorn's ghost (amateur BuSk)
   321 | D:5      | Entered Level 5 of the Dungeon
   333 | D:5      | Reached skill level 4 in Unarmed Combat
   447 | D:6      | Found a glowing silver altar of Zin.
   527 | D:6      | Found an opulent altar of Gozag.
   538 | D:6      | Reached XP level 4. HP: 19/40 MP: 4/4
   595 | D:7      | Reached skill level 5 in Unarmed Combat
   686 | D:7      | Reached skill level 6 in Unarmed Combat
   695 | D:7      | HP: 1/40 [orc wizard/dagger (2)]
   698 | D:7      | Reached XP level 5. HP: 2/46 MP: 5/5
   729 | D:7      | Noticed a water moccasin
   731 | D:7      | HP: 2/46 [water moccasin (2)]
   732 | D:7      | Killed a water moccasin
   732 | D:7      | Reached skill level 7 in Unarmed Combat
   732 | D:7      | Reached XP level 6. HP: 2/52 MP: 6/6
   794 | D:7      | Reached skill level 8 in Unarmed Combat
   851 | D:7      | Reached XP level 7. HP: 25/58 MP: 7/7
   854 | D:7      | Reached skill level 9 in Unarmed Combat
   886 | D:7      | Found an ornate altar of the Wu Jian Council.
   906 | D:7      | HP: 2/58 [poisoned by a killer bee]
   907 | D:7      | Succumbed to a killer bee's poison

Vault maps used:
D:1:      dpeg_arrival_boxes_within_box, st_stairs_12, minivault_25
D:2:      first_bread, serial_forest, infiniplex_forest_end_2,
          infiniplex_forest_lined_room_2, infiniplex_forest_straight_3,
          infiniplex_forest_lined_1, infiniplex_forest_clump_small,
          infiniplex_forest_lined_ring, uniq_terence, uniq_crazy_yiuf_cottage
D:3:      nicolae_ru_great_annihilating_truth, uniq_iyjb, uniq_grinder,
          uniq_jessica
D:4:      fedhas_altar_4
D:5:      kennysheep_steamy, marbit_many_paths, lemuel_crystal_altar,
          minmay_temple_entry_crystal_x, uniq_edmund, uniq_duvessa
D:6:      black_bear_nest_1, lemuel_coloured_pillars_altar, lemuel_doored_altar,
          elyvilon_altar_3
D:7:      gammafunk_temple_overflow_pools, grunt_ogre_cave,
          minmay_misc_feat_four_crosses, kennysheep_small_square

Skill      XL: |  1  2  3  4  5  6  7 |
---------------+----------------------+-----
Fighting       | 6 |  6.1
Unarmed Combat | 1 3 4 6 7 8 9 |  9.3
Dodging        | |  5.8
Stealth        | |  5.3

Action                   |  1- 3 |  4- 6 |  7- 9 || total
-------------------------+-------+-------+-------++-------
Melee: Unarmed           |    77 |    71 |    17 ||   165
       Bite              |     5 |    11 |       ||    16
       Punch             |     1 |     2 |     2 ||     5
Evoke: Wand              |       |     2 |       ||     2
  Use: Potion            |     2 |     5 |       ||     7
       Scroll            |     4 |     1 |       ||     5
 Stab: Sleeping          |       |     1 |       ||     1
Armor: Ring mail         |    30 |    20 |     6 ||    56
Dodge: Dodged            |    63 |    48 |    16 ||   127
